 Dungeon Crawl Stone Soup version 0.28.0-53-g5a82cb258f (webtiles) character file.

Game seed: 13936824670688220841

262 Zeld the Magician (level 6, -16/45 HPs)
             Began as a Djinni Fire Elementalist on May 27, 2022.
             Killed from afar by Ijyb (22 damage)
             ... with an iceblast
             ... on level 4 of the Dungeon.
             The game lasted 00:04:49 (5666 turns).

Zeld the Magician (Djinni Fire Elementalist)        Turns: 5666, Time: 00:04:49

Health: -16/45     AC:  3    Str:  9    XL:     6   Next: 42%
Gold:   108        EV: 13    Int: 17    God:
                   SH:  0    Dex: 13

rFire   + + .      SeeInvis .   (no weapon)
rCold   x . .      Faith    .   (no shield)
rNeg    . . .      Spirit   .   a - +0 robe
rPois   ∞          Reflect  .   (no helmet)
rElec   .          Harm     .   j - scarf {repulsion}
rCorr   .          Rampage  .   l - +0 pair of gloves
Will    .....                   (boots unavailable)
Stlth   ++........              (no amulet)
HPRegen 0.15/turn               (no ring)
MPRegen 0.00/turn               (no ring)

@: flying, repel missiles
A: sickness immunity, fire resistance 2, cold vulnerability 1, float, innate
caster, HP casting, extra vitality 1
a: no special abilities


You were on level 4 of the Dungeon.
You visited 1 branch of the dungeon, and saw 4 of its levels.

You collected 108 gold pieces.

Inventory:

Armour
 a - a +0 robe (worn)
 j - a scarf of repulsion (worn)
 l - a +0 pair of gloves (worn)
Wands
 k - a wand of acid (5)
Scrolls
 b - 3 scrolls of immolation {unknown}
 c - a scroll of blinking {unknown}
 e - a scroll of silence {unknown}
 f - a scroll of vulnerability {unknown}
 h - a scroll of magic mapping {unknown}
 i - 4 scrolls of identify {unknown}
Potions
 d - 5 potions of degeneration {unknown}
 g - 2 potions of curing {unknown}


   Skills:
 + Level 2.6 Fighting
 + Level 3.8 Dodging
 - Level 1.5 Stealth
 * Level 4.1 Spellcasting


You couldn't memorise any spells.
You knew the following spells:

 Your Spells              Type           Power      Damage    Failure   Level
a - Foxfire               Conj/Fire      68%        2x1d7     3%          1
b - Scorch                Fire           34%        2d7       4%          2
c - Conjure Flame         Conj/Fire      17%        6-21      9%          3
d - Inner Flame           Hex/Fire       17%        N/A       9%          3
e - Flame Wave            Conj/Fire      17%        2d6       28%         4
f - Summon Small Mammal   Summ           68%        N/A       3%          1
g - Corpse Rot            Necr/Air       34%        N/A       4%          2
Your spell library was empty.

Dungeon Overview and Level Annotations

Branches:
Dungeon (4/15)
 Temple: D:4-7

Altars:

Annotations:
D:4 Ijyb


Innate Abilities, Weirdness & Mutations

You are immune to sickness and miasma.
You are immune to poison.
Your flesh is very heat resistant. (rF++)
You are vulnerable to cold. (rC-)
You float through the air rather than walking.
You learn spells naturally, not from books.
Your magical power is your life essence.
You have superior vitality. (+4 MHP)


Message History

Confirm with . or Enter, or press ? or * to list all spells.
Flames lash the scorpion.
The scorpion is burned terribly!
You kill the scorpion!
Your Spellcasting skill increases to level 4!
You see here a +1 robe of positive energy.
As you open the door, it creaks loudly!
Ijyb the Twisted Goblin comes into view.
She is wielding a +0 club and carrying a wand of iceblast (8).
Ijyb shouts!
A hobgoblin comes into view. It is wielding a +0 halberd.
There are monsters nearby!
There is an open door here.
The hobgoblin shouts!
You hit Ijyb but do no damage.
Casting: Scorch (safe; 4% risk of failure)
Confirm with . or Enter, or press ? or * to list all spells.
Flames lash Ijyb.
Ijyb is moderately wounded.
Ijyb's fire resistance burns away.
Unknown command.
Casting: Scorch (safe; 4% risk of failure)
Confirm with . or Enter, or press ? or * to list all spells.
The fire begins to smoulder!
Ijyb hits you with a +0 club.
The hobgoblin hits you from afar with a +0 halberd!
Unknown command.
Ijyb smothers the flame.
Ijyb is no longer more vulnerable to fire.
You see here a +1 robe of positive energy.
Press: ? - help, v - describe, . - travel
Here: Ijyb, wielding a +0 club, wearing a +0 ring mail and carrying a wand of iceblast (8) (moderately wounded)
The floor.
Unknown command.
Ijyb zaps a wand.
The mass of ice explodes!
The iceblast engulfs you!
You feel a painful chill!
You see here a scorpion corpse.
Ijyb zaps a wand.
The mass of ice explodes!
The iceblast engulfs you!
You feel a painful chill!
* * * LOW HITPOINT WARNING * * *
Ijyb zaps a wand.
The mass of ice explodes!
The iceblast engulfs you!!
You feel a painful chill!
You die...

#....[..'.........
##...####.........
###.†.# #......
#g..#.# #.....
#g#...# #...#
#.###### #'## #.#
.. .# ##.##.#####
# #..@......#
##.##.##... ### ..
#.. .# .


You could see Ijyb and a hobgoblin.

Vanquished Creatures
  A scorpion (D:4)
  A bullfrog skeleton (D:4)
  An iguana (D:4)
  5 gnolls
  2 adders (D:3)
  A dart slug (D:3)
  6 orcs (D:3)
  15 ball pythons
  6 bats
  4 endoplasms
  3 giant cockroaches
  7 goblins
  6 hobgoblins
  4 jackals
  2 quokkas
  A frilled lizard (D:3)
  8 kobolds
  4 rats
77 creatures vanquished.

Vanquished Creatures (others)
  57 foxfires
57 creatures vanquished.

Grand Total: 134 creatures vanquished

Notes
Turn   | Place    | Note
-------+----------+-------------------------------------------
     0 | D:1      | Zeld the Djinni Fire Elementalist began the quest for the
                  | Orb.
     0 | D:1      | Reached XP level 1. HP: 15/15 MP: 0/0
   117 | D:1      | Reached XP level 2. HP: 14/22 MP: 0/0
   735 | D:1      | Reached skill level 1 in Fighting
   735 | D:1      | Reached XP level 3. HP: 15/27 MP: 0/0
   735 | D:1      | Learned a level 1 spell: Summon Small Mammal
  1098 | D:1      | Reached skill level 3 in Spellcasting
  1221 | D:1      | Found a faded altar of an unknown god.
  2021 | D:2      | Reached XP level 4. HP: 29/32 MP: 0/0
  3385 | D:3      | Reached XP level 5. HP: 34/38 MP: 0/0
  3385 | D:3      | Learned a level 2 spell: Corpse Rot
  5501 | D:4      | Reached XP level 6. HP: 37/45 MP: 0/0
  5590 | D:4      | Reached skill level 4 in Spellcasting
  5650 | D:4      | Noticed Ijyb
  5666 | D:4      | Killed from afar by Ijyb

Illustrated notes

Levels and vault maps discovered:
D:1:      dpeg_arrival_lava_temple_mockup, layout_rooms,
          hellmonk_ecumenical_altar_crossroads
D:2:      layout_basic, minmay_puff
D:3:      layout_loops_ring, minivault_5, moated_statue
D:4:      layout_loops_corners, uniq_sigmund, uniq_ijyb

Skill      XL: |  1  2  3  4  5  6 |
---------------+-------------------+-----
Fighting       | 1 2 |  2.6
Spellcasting   | 3 4 |  4.1
Dodging        | 3 |  3.8
Stealth        | |  1.5

Action                   |  1- 3 |  4- 6 || total
-------------------------+-------+-------++-------
Melee: Unarmed           |     4 |     3 ||     7
 Cast: Foxfire           |    31 |     1 ||    32
       Scorch            |    23 |    66 ||    89
       Summon Small Mamm |       |     1 ||     1
       Corpse Rot        |       |     1 ||     1
       Conjure Flame     |       |     1 ||     1
Armor: Robe              |     5 |     8 ||    13
Dodge: Dodged            |    13 |    38 ||    51
